 Dungeon Crawl Stone Soup version 0.28-a0-1613-gdaab1c2f9b (webtiles) character file.

Game seed: 4124398978208184345

49 ragingrage the Charlatan (level 3, 0/33 HPs)
             Began as a Gargoyle Artificer on Jan 21, 2022.
             Slain by Sigmund (9 damage)
             ... on level 2 of the Dungeon.
             The game lasted 00:02:16 (2612 turns).

ragingrage the Charlatan (Gargoyle Artificer)       Turns: 2612, Time: 00:02:17

Health: 0/33       AC: 21    Str: 17    XL:     3   Next: 75%
Magic:  3/3        EV:  2    Int: 11    God:
Gold:   33         SH:  0    Dex: 10    Spells: 2/2 levels left

rFire   . . .      SeeInvis .   g - +0 short sword
rCold   . . .      Faith    .   (no shield)
rNeg    + . .      Spirit   .   (armour currently unavailable)
rPois   ∞          Reflect  .   (helmet currently unavailable)
rElec   .          Harm     .   (cloak currently unavailable)
rCorr   .          Rampage  .   (gloves currently unavailable)
Will    .....      NoTele   +   (boots currently unavailable)
Stlth   +.........              (no amulet)
HPRegen 0.11/turn               (no ring)
MPRegen 0.08/turn               (no ring)

@: tree-form
A: stationary, stasis, torment immunity, boosted hp, sickness immunity, AC +3,
negative energy resistance 1, (electricity resistance), torment resistance 1,
petrification resistance
a: no special abilities


You were on level 2 of the Dungeon.
You were a tree.
You visited 1 branch of the dungeon, and saw 2 of its levels.

You collected 33 gold pieces.

Inventory:

Hand Weapons
 g - a +0 short sword (weapon)
 l - a +0 hunting sling
Armour
 o - a +0 scale mail (melded)
Wands
 c - a wand of flame (7) (quivered)
 d - a wand of charming (13)
Scrolls
 a - 2 scrolls of teleportation {unknown}
 h - a scroll of enchant armour {unknown}
 j - 3 scrolls of blinking {unknown}
 k - a scroll of holy word {unknown}
 n - a scroll of silence {unknown}
Potions
 f - a potion of cancellation
 m - a potion of brilliance {unknown}
Miscellaneous
 e - a piece from Xom's chessboard (15/15)


   Skills:
 + Level 2.7 Fighting
 - Level 2.1 Armour
 - Level 0.7 Dodging
 - Level 1.1 Stealth
 + Level 3.5 Evocations


You had 2 spell levels left.
You didn't know any spells.
Your spell library was empty.

Dungeon Overview and Level Annotations

Branches:
Dungeon (2/15)

Altars:

Shops:
D:1 ?

Annotations:
D:2 Sigmund


Innate Abilities, Weirdness & Mutations

You are a tree.
Your roots penetrate the ground, keeping you stationary.
You cannot be teleported.
You are immune to unholy pain and torment.
Your maximum health is greatly increased.
Your equipment is partially melded.
You are immune to sickness and miasma.
((Your stone body is resilient. (AC +3)))
You are immune to poison.
You resist negative energy. (rN+)
((You are resistant to electric shocks. (rElec)))
You are resistant to unholy torment.
You are immune to petrification.


Message History

The magic dart hits you.
You are confused.
You're too confused to move!
You are more confused.
You bump into the rock wall.
It was a potion of cancellation.
Your magical effects are unravelling.
You feel magically purged.
You feel less confused.
Unknown command.
You hear some strange, mumbled words.
Something tries to affect you, but you resist.
A puff of flame appears from out of thin air!
The puff of flame hits you!
* * * LOW HITPOINT WARNING * * *
It was a potion of lignification.
You turn into a tree.
Your +0 scale mail melds into your body.
Your roots penetrate the ground.
Aiming: Throw Flame
Press: ? - help, Q - select action, (/) - cycle Shift-Dir - straight line The puff of flame hits something.
Aiming: Throw Flame
Press: ? - help, Q - select action, (/) - cycle Shift-Dir - straight line The puff of flame hits something.
Sigmund appears from thin air!
Reactivating autopickup.
Aiming: Throw Flame
Press: ? - help, Q - select action, (/) - cycle Shift-Dir - straight line The puff of flame hits Sigmund.
Sigmund is severely wounded.
Sigmund hits you but does no damage.
Aiming: Throw Flame
Press: ? - help, Q - select action, (/) - cycle Shift-Dir - straight line The puff of flame misses Sigmund.
Aiming: Throw Flame
Press: ? - help, Q - select action, (/) - cycle Shift-Dir - straight line The puff of flame hits Sigmund!
Sigmund is almost dead.
Sigmund hits you from afar with a +0 scythe!
You die...

..#.# #.†...........#
..#.####.......#.####
..............(#.#
...............#.#
...............#.#
...........#####.#
...........# #.#
...........# #.#
#######....# #♣#
###### #.# #@# #.#
####.# #[...# #{####
#.# #.#


You could see Sigmund.

Vanquished Creatures
  A worm (D:2)
  2 bats
  4 endoplasms
  3 giant cockroaches
  A goblin (D:2)
  8 hobgoblins
  5 jackals (D:1)
  4 ball pythons
  A frilled lizard (D:1)
  3 kobolds
  9 rats
41 creatures vanquished.

Vanquished Creatures (others)
  A jackal (D:1)
1 creature vanquished.

Grand Total: 42 creatures vanquished

Notes
Turn   | Place    | Note
-------+----------+-------------------------------------------
     0 | D:1      | ragingrage the Gargoyle Artificer began the quest for the
                  | Orb.
     0 | D:1      | Reached XP level 1. HP: 12/12 MP: 1/1
   298 | D:1      | Reached XP level 2. HP: 12/17 MP: 2/2
   412 | D:1      | Reached skill level 3 in Evocations
   783 | D:1      | Found Yrphut's Magic Scroll Shoppe.
  1150 | D:1      | Reached XP level 3. HP: 4/21 MP: 3/3
  2308 | D:2      | Found a faded altar of an unknown god.
  2585 | D:2      | Noticed Sigmund
  2612 | D:2      | Slain by Sigmund

Illustrated notes

Levels and vault maps discovered:
D:1:      erik_arrival_cave_to_civilisation [erik_arrival_cave_to_hall],
          layout_loops_ring, serial_co_window_serial, co_window_corner_a,
          co_window_corner_a, co_window_corner_a, co_window_paths_a,
          co_window_of_opportunity_a, co_window_paths_c,
          co_window_unsneaky_path_d, co_window_paths_c, co_window_paths_e,
          glass_columns_b, glass_columns_c, glass_columns_b, glass_columns_c,
          serial_shops, shop
D:2:      layout_basic, hellmonk_ecumenical_altar_heavens_door,
          minmay_pentomino_u4, uniq_crazy_yiuf_cottage, uniq_sigmund

Skill      XL: |  1  2 |
---------------+-------+-----
Evocations     | 3 |  3.5
Fighting       | 2 |  2.7
Armour         | |  2.1
Dodging        | |  0.7
Stealth        | |  1.1

Action                   || total
-------------------------++-------
Melee: Club              ||    12
       Short sword       ||   132
       Punch             ||     2
Evoke: Wand              ||    10
  Use: Potion            ||     2
 Stab: Sleeping          ||     2
Armor: Leather armour    ||    57
       Skin              ||     1
Dodge: Dodged            ||    93

Table legend: (Time is in decaauts)
 A = Elapsed time spent in this place.
 B = Non-inter-level travel time spent in this place.
 C = Inter-level travel time spent in this place.
 D = Time resting spent in this place.
 E = Time spent auto-exploring this place.
 F = Levels seen in this place.
 G = Mean time per level.
                   A        B        C        D        E       F      G
               +--------+--------+--------+--------+--------+-----+--------+
         Total |   2628 |   2496 |    132 |    524 |   1589 |   2 | 1314.0 |
       Dungeon |   2628 |   2496 |    132 |    524 |   1589 |   2 | 1314.0 |
               +--------+--------+--------+--------+--------+-----+--------+

Top non-repeatable levels by time:
     D:1: 1984 daAuts
     D:2: 643 daAuts
